 Dungeon Crawl Stone Soup version 0.29-a0-330-g52719c12eb (webtiles) character file.

Game seed: 7546513605241634216

770 HoaS the Quickloader (level 8, -1/49 HPs)
             Began as a Kobold Hunter on May 21, 2022.
             Slain by a killer bee (3 damage)
             ... on level 5 of the Dungeon.
             The game lasted 00:08:28 (3787 turns).

HoaS the Quickloader (Kobold Hunter)                Turns: 3787, Time: 00:08:29

Health: -1/49      AC:  7    Str:  8    XL:     8   Next: 9%
Magic:  8/8        EV: 20    Int: 11    God:
Gold:   232        SH:  0    Dex: 20    Spells: 7/7 levels left

rFire   . . .      SeeInvis .   a - +2 hand crossbow
rCold   . . .      Faith    .   (no shield)
rNeg    . . .      Spirit   .   b - +0 leather armour
rPois   .          Reflect  .   (no helmet)
rElec   .          Harm     .   p - +1 cloak
rCorr   .          Rampage  .   d - +1 pair of gloves
Will    +....                   (no boots)
Stlth   +++.......              (no amulet)
HPRegen 0.16/turn               j - ring of willpower
MPRegen 0.11/turn               m - +4 ring of evasion

@: hasted, very quick
A: small, no large weapons, nightstalker 3
a: no special abilities


You were on level 5 of the Dungeon.
You visited 2 branches of the dungeon, and saw 6 of its levels.

You collected 232 gold pieces.

Inventory:

Hand Weapons
 a - a +2 hand crossbow (weapon)
Armour
 b - a +0 leather armour (worn)
 d - a +1 pair of gloves (worn)
 p - a +1 cloak (worn)
Jewellery
 j - a ring of willpower (left hand)
 m - a +4 ring of evasion (right hand)
Wands
 k - a wand of polymorph (4)
Scrolls
 c - 2 scrolls of immolation
 f - 3 scrolls of blinking
 n - a scroll of fear
Potions
 e - a potion of attraction {unknown}
 g - 2 potions of lignification
 i - a potion of ambrosia {unknown}
 l - 2 potions of degeneration {unknown}
 o - a potion of haste
 r - a potion of berserk rage {unknown}


   Skills:
 * Level 5.0 Fighting
 - Level 10.0 Crossbows
 + Level 4.1 Dodging
 - Level 3.0 Stealth


You had 7 spell levels left.
You didn't know any spells.
Your spell library contained the following spells:

 Spells                   Type           Power      Damage    Failure   Level
 Freeze                   Ice            0%         1d3       45%         1
 Frozen Ramparts          Ice            0%         1d2       83%         3
 Hailstorm                Conj/Ice       0%         3d3       99%         4


Dungeon Overview and Level Annotations

Branches:
Dungeon (5/15)             Temple (1/1) D:5

Altars:
Ashenzari
Cheibriados
Dithmenos
Elyvilon
Fedhas
Gozag
Nemelex Xobeh
Qazlal
Ru
Sif Muna
Uskayaw
Yredelemnul
Zin
The Shining One

Shops:
D:4 (:*


Innate Abilities, Weirdness & Mutations

You are small and have problems with some larger weapons.
You are completely attuned to the shadows.


Message History

Aim: a killer bee (moderately wounded, 51% to hit)
You shoot a bolt. The bolt misses the killer bee.
The killer bee stings you but does no damage.
The killer bee misses you. The ufetubus misses you. x2
The killer bee stings you.
* * * LOW HITPOINT WARNING * * *
You are lethally poisoned!
The killer bee poisons you! The killer bee barely misses you.
Shoot: a) +2 hand crossbow
Press: ? - help, Q - select action, (/) - cycle Shift-Dir - straight line, f/p - killer bee
Aim: a killer bee (moderately wounded, 51% to hit)
You shoot a bolt.
The bolt hits the killer bee but does no damage.
The killer bee is moderately wounded.
* * * LOW HITPOINT WARNING * * *
You feel sick. The ufetubus barely misses you. The ufetubus closely misses you.
The killer bee completely misses you. x2
You feel better. The killer bee stings you.
* * * LOW HITPOINT WARNING * * *
The killer bee barely misses you. The ufetubus completely misses you. x2
Shoot: a) +2 hand crossbow
Press: ? - help, Q - select action, (/) - cycle Shift-Dir - straight line, f/p - killer bee
Aim: a killer bee (moderately wounded, 51% to hit)
You shoot a bolt. The bolt hits the killer bee!
The killer bee is almost dead.
The killer bee stings you.
* * * LOW HITPOINT WARNING * * *
The killer bee completely misses you.
The ufetubus hits you but does no damage.
The ufetubus barely misses you. The killer bee barely misses you.
The killer bee misses you.
Shoot: a) +2 hand crossbow
Press: ? - help, Q - select action, (/) - cycle Shift-Dir - straight line, f/p - killer bee
Aim: a killer bee (almost dead, 51% to hit)
You shoot a bolt. The bolt hits the killer bee.
You kill the killer bee!
The ufetubus hits you.
* * * LOW HITPOINT WARNING * * *
The ufetubus misses you. The killer bee stings you.
You die...

###...
###.....
######...†...
............##
..........†###
#.........##
#.........##
#......y5...
#......@....
##.)........
#....######
#...## #...#
##...# #....##
##.....#
##.....##


You could see a killer bee and an ufetubus.

Vanquished Creatures
  A black bear (D:5)
  A centaur (D:5)
  A phantom (D:4)
  2 necrophages
  4 killer bees (D:5)
  A hound (D:4)
  A jelly (D:3)
  Crazy Yiuf (D:2)
  10 adders
  An ufetubus (D:4)
  A worm (D:3)
  6 dart slugs
  2 orcs
  5 bats
  6 endoplasms
  4 giant cockroaches
  5 goblins
  6 hobgoblins
  8 jackals
  6 kobolds
  4 quokkas
  4 ball pythons
  6 frilled lizards
  A rat (D:3)
87 creatures vanquished.

Vanquished Creatures (others)
  A plant (D:5)
1 creature vanquished.

Grand Total: 88 creatures vanquished

Notes
Turn   | Place    | Note
-------+----------+-------------------------------------------
     0 | D:1      | HoaS the Kobold Hunter began the quest for the Orb.
     0 | D:1      | Reached XP level 1. HP: 12/12 MP: 1/1
    65 | D:1      | Reached XP level 2. HP: 15/17 MP: 2/2
   131 | D:1      | Reached skill level 6 in Crossbows
   303 | D:1      | Reached XP level 3. HP: 21/21 MP: 3/3
   476 | D:1      | Found a faded altar of an unknown god.
   690 | D:2      | Reached skill level 7 in Crossbows
   690 | D:2      | Reached XP level 4. HP: 23/26 MP: 4/4
   841 | D:2      | Found a runed translucent door.
   844 | D:2      | Noticed Crazy Yiuf
  1363 | D:3      | Reached XP level 5. HP: 30/30 MP: 5/5
  1456 | D:3      | Reached skill level 8 in Crossbows
  2021 | D:2      | Killed Crazy Yiuf
  2208 | D:4      | Found Forur's Antique Weapon Emporium.
  2241 | D:4      | Reached skill level 9 in Crossbows
  2241 | D:4      | Reached XP level 6. HP: 35/35 MP: 6/6
  2295 | D:4      | Found a glowing golden altar of the Shining One.
  2332 | D:4      | Found Ratydic's General Store.
  2361 | D:4      | Reached skill level 10 in Crossbows
  2830 | D:4      | Found a shimmering blue altar of Sif Muna.
  2866 | D:4      | Found Wuxag's Book Boutique.
  2895 | D:5      | Entered Level 5 of the Dungeon
  2918 | D:5      | Reached XP level 7. HP: 38/40 MP: 7/7
  3382 | D:5      | Found a staircase to the Ecumenical Temple.
  3390 | Temple   | Entered the Ecumenical Temple
  3761 | D:5      | Reached XP level 8. HP: 48/48 MP: 8/8
  3774 | D:5      | Reached skill level 5 in Fighting
  3787 | D:5      | HP: 2/49 [ufetubus (2)]
  3787 | D:5      | Slain by a killer bee

Illustrated notes

Levels and vault maps discovered:
D:1:      scummos_arrival_simple_crosswalls, layout_basic,
          shapermc_ecumenical_altar_totnotflames
D:2:      cheibrodos_helix_gallery, layout_rooms, lemuel_flame_loot_1,
          uniq_crazy_yiuf_cottage
D:3:      layout_rooms
D:4:      layout_basic, old_standard_altar, nicolae_overflow_hidden_temple,
          serial_shops, nicolae_stop_n_shop_2, nicolae_stop_n_shop_2, shop,
          chequers_serial_rivers_small_a
D:5:      layout_layer_cave, minmay_temple_entry_gardened_gates, serial_shops,
          nicolae_shop_advertising_works [nicolae_subvault_shop_adworks]
Temple:   minmay_temple_bridge_abc

Skill      XL: |  1  2  3  4  5  6  7  8 |
---------------+-------------------------+-----
Crossbows      | 6 7 9 10 | 10.0
Stealth        | 2 3 |  3.0
Fighting       | 4 5 |  5.0
Dodging        | 4 |  4.1

Action                   |  1- 3 |  4- 6 |  7- 9 || total
-------------------------+-------+-------+-------++-------
Melee: Unarmed           |       |     2 |    22 ||    24
 Fire: Hand crossbow     |    70 |   121 |    57 ||   248
  Use: Scroll            |       |    11 |     1 ||    12
       Potion            |       |       |     5 ||     5
Armor: Leather armour    |     5 |    22 |    18 ||    45
       Skin              |       |       |    50 ||    50
Dodge: Dodged            |    24 |    61 |   144 ||   229

Table legend: (Time is in decaauts)
 A = Elapsed time spent in this place.
 B = Non-inter-level travel time spent in this place.
 C = Inter-level travel time spent in this place.
 D = Time resting spent in this place.
 E = Time spent auto-exploring this place.
 F = Levels seen in this place.
 G = Mean time per level.
                   A        B        C        D        E       F      G
               +--------+--------+--------+--------+--------+-----+--------+
         Total |   3817 |   3633 |    184 |    578 |   2503 |   6 |  636.2 |
       Dungeon |   3622 |   3447 |    175 |    578 |   2326 |   5 |  724.4 |
        Temple |    194 |    185 |      9 |      0 |    177 |   1 |  194.0 |
               +--------+--------+--------+--------+--------+-----+--------+

Top non-repeatable levels by time:
     D:2: 920 daAuts
     D:1: 699 daAuts
     D:5: 692 daAuts
     D:4: 690 daAuts
     D:3: 619 daAuts
  Temple: 194 daAuts
